 Dungeon Crawl Stone Soup version 0.20.1-1-g8b1a95d (webtiles) character file.

100 letownia2 the Grave Robber (level 4, -1/36 HPs)
             Began as a Deep Dwarf Necromancer on Dec 27, 2017.
             Slain by a worker ant (3 damage)
             ... on level 4 of the Dungeon.
             The game lasted 00:03:57 (850 turns).

letownia2 the Grave Robber (Deep Dwarf Necromancer)  Turns: 850, Time: 00:03:58

Health: -1/36      AC:  2    Str: 12    XL:     4   Next: 47%
Magic:  0/7        EV: 12    Int: 16    God:
Gold:   75         SH:  0    Dex: 13    Spells: 3/7 levels left

rFire    . . .     SeeInvis .   (no weapon)
rCold    . . .     Gourm    .   (no shield)
rNeg     . . .     Faith    .   a - +0 robe
rPois    .         Spirit   .   (no helmet)
rElec    .         Reflect  .   (no cloak)
rCorr    .         Harm     .   (no gloves)
MR       .....                  (no boots)
Stlth    ++........             (no amulet)
Regen    0.0/turn               (no ring)
MPRegen  0.1/turn               (no ring)

@: lethally poisoned (-1 -> -1), non-regenerating
A: damage resistance, heal wounds, sense surroundings 1, no regeneration
a: Heal Wounds


You were on level 4 of the Dungeon.
You were hungry.

You visited 1 branch of the dungeon, and saw 4 of its levels.

You collected 75 gold pieces.

Inventory:

Missiles
 g - 25 bolts
Armour
 a - a +0 robe (worn)
Scrolls
 e - a scroll of enchant weapon {unknown}
Potions
 f - a potion of invisibility {unknown}
 h - a potion of curing {unknown}
 i - a potion of agility {unknown}
Books
 b - a book of Necromancy

   Spells                             Type                      Level
   a - Pain                           Necromancy                   1
   b - Animate Skeleton               Necromancy                   1
   c - Vampiric Draining              Necromancy                   3
   d - Regeneration                   Charms/Necromancy            3
   e - Animate Dead                   Necromancy                   4
   f - Control Undead                 Necromancy                   4
Comestibles
 c - a bread ration
 d - a chunk of flesh


   Skills:
 - Level 2.1 Dodging
 - Level 2.4 Stealth
 - Level 2.1 Spellcasting
 + Level 6.3 Necromancy


You had 3 spell levels left.
You knew the following spells:

 Your Spells              Type           Power        Failure   Level  Hunger
a - Pain                  Necr           ###.         1%          1    #......
v - Vampiric Draining     Necr           ###.......   4%          3    ###....


Dungeon Overview and Level Annotations

Branches:
Dungeon (4/15)
 Temple: D:4-7

Altars:
Ashenzari
Sif Muna

Shops:
D:4 (=:(*

Annotations:
D:4 Tiamon's ghost, novice TrAK


Innate Abilities, Weirdness & Mutations

You are resistant to damage.
You can heal yourself by infusing magical energy.
You passively map a small area around you.
You do not regenerate.


Message History

Unknown command.
You hit the orc priest but do no damage.
The orc priest is severely wounded.
The worker ant bites you.
You are more poisoned.
The worker ant poisons you!
The orc priest looks satisfied for a moment.
You hit the orc priest but do no damage.
The orc priest is severely wounded.
The worker ant bites you.
* * * LOW HITPOINT WARNING * * *
You are more poisoned.
The worker ant poisons you! The orc priest closely misses you.
The worker ant bites you!
* * * LOW HITPOINT WARNING * * *
An orc comes into view. It is wielding a hand axe.
You hit the orc priest but do no damage.
The orc priest is severely wounded.
The worker ant bites you.
You die...

.......##.####....
,
.......##.......o.
.......######....o
.......# ...
#####..# * ###,
##.# #.. #.# #o#**
#.# , #o# #.# *
#@# #####.#####.
#a# #.........#.*
#l# #.........#.
#W#
#.........#a###.#
######.#####..##.#
..# #.# #.#..# $.#
#.# #...## ..#
##.# ###..##


You could see a worker ant, an orc priest, Tiamon's ghost, an orc and a leopard
gecko.

Vanquished Creatures
  An iguana (D:4)
  A worker ant (D:4)
  4 adders
  An ooze (D:1)
  A leopard gecko (D:2)
  2 orcs (D:4)
  A bat (D:2)
  2 rats
13 creatures vanquished.

Notes
Turn   | Place    | Note
-------+----------+-------------------------------------------
     0 | D:1      | letownia2 the Deep Dwarf Necromancer began the quest for the Orb.
     0 | D:1      | Reached XP level 1. HP: 15/15 MP: 3/3
    78 | D:1      | Reached XP level 2. HP: 17/22 MP: 0/5
   332 | D:2      | Reached skill level 5 in Necromancy
   473 | D:4      | Found Cawy's Jewellery Boutique.
   478 | D:4      | Noticed Tiamon's ghost (novice TrAK)
   489 | D:4      | Found Ilerr's Assorted Antiques.
   546 | D:4      | Reached XP level 3. HP: 8/28 MP: 0/6
   551 | D:4      | Learned a level 3 spell: Vampiric Draining
   666 | D:4      | Found Wuufry's Book Emporium.
   671 | D:4      | Reached XP level 4. HP: 18/36 MP: 2/7
   677 | D:4      | Found Ilusov's Weapon Shoppe.
   706 | D:4      | Reached skill level 6 in Necromancy
   712 | D:4      | Found a deep blue altar of Sif Muna.
   714 | D:4      | Found a shattered altar of Ashenzari.
   793 | D:4      | Found Xen Sonu's Weapon Boutique.
   850 | D:4      | Slain by a worker ant

Skill      XL: |  1  2  3  4 |
---------------+-------------+-----
Spellcasting   | 2 |  2.1
Necromancy     | 5 6 |  6.3
Dodging        | |  2.1
Stealth        | |  2.4

Action                   |  1- 3 |  4- 6 || total
-------------------------+-------+-------++-------
Melee: Unarmed           |       |     6 ||     6
 Cast: Pain              |    24 |     3 ||    27
       Vampiric Draining |     2 |     5 ||     7
Armor: Robe              |       |     1 ||     1
Dodge: Dodged            |    13 |    15 ||    28
